General information
- name: BNet
- type: Ladder team game (AT/RT)
- host: Battle.net
- saver: EventfulRapefst
map: FullScaleAssault
- players: 8
- length: 51:25
- speed: Fast
- version: 1.26 W3XP
- replay type: Public
» download(252 KB)
Players
team 1 (loser)
GoingNoob (
blue | 46 APM | 1095 actions | 23:47)
4 Death Knight
2 Death Coil
1 Death Pact
1 Unholy Aura
» actions
| Assign group hotkey | 17 | |
| Build / train | 63 | |
| Enter build submenu | 22 | |
| Enter hero's abilities submenu | 4 | |
| Give item / drop item | 4 | |
| Right click | 382 | |
| Select / deselect | 165 | |
| Select group hotkey | 398 | |
| Use ability | 40 | |
1095 total
» units
| Acolyte | 18 | |
| Ghoul | 9 | |
| Crypt Fiend | 9 | |
| Frost Wyrm | 5 | |
41 total
» upgrades
| Creature Carapace | 1 | |
| Web | 1 | |
| Freezing Breath | 1 | |
3 total
» buildings
| Ziggurat | 18 | |
| Crypt | 1 | |
| Graveyard | 1 | |
| Altar of Darkness | 1 | |
| Nerubian Tower | 4 | |
| Tomb of Relics | 1 | |
| Halls of the Dead | 1 | |
| Black Citadel | 1 | |
| Sacrificial Pit | 1 | |
| Boneyard | 3 | |
| Spirit Tower | 4 | |
36 total
» build order
00:15 Ziggurat
00:19 Crypt
00:39 Graveyard
01:01 Altar of Darkness
01:09 Nerubian Tower
01:36 Ziggurat
02:44 Nerubian Tower
02:57 Tomb of Relics
04:01 Halls of the Dead
04:13 Ziggurat
05:11 Ziggurat
07:06 Ziggurat
07:51 Black Citadel
08:24 Sacrificial Pit
08:58 Ziggurat
08:59 Ziggurat
09:00 Ziggurat
09:02 Ziggurat
12:03 Boneyard
12:05 Boneyard
12:07 Boneyard
12:23 Nerubian Tower
12:42 Spirit Tower
12:45 Spirit Tower
12:49 Nerubian Tower
14:58 Ziggurat
15:00 Ziggurat
15:01 Ziggurat
15:02 Ziggurat
16:33 Spirit Tower
17:13 Ziggurat
17:14 Ziggurat
17:44 Ziggurat
20:53 Spirit Tower
20:57 Ziggurat
20:57 Ziggurat
» items
| Dust of Appearance | 1 | |
| Scroll of Town Portal | 1 | |
| Potion of Mana | 1 | |
| Orb of Corruption | 1 | |
4 total
LionHeartM (
teal | 44 APM | 1063 actions | 24:09)
5 Pandaren Brewmaster
3 Drunken Brawler
2 Drunken Haze
» actions
| Basic commands | 25 | |
| Build / train | 99 | |
| Enter build submenu | 28 | |
| Enter hero's abilities submenu | 5 | |
| Give item / drop item | 3 | |
| Remove unit from queue | 2 | |
| Right click | 463 | |
| Select / deselect | 387 | |
| Use ability | 51 | |
1063 total
» units
| Wisp | 31 | |
| Dryad | 4 | |
| Goblin Sapper | 4 | |
| Goblin Shredder | 2 | |
| Hippogryph | 10 | |
| Chimaera | 9 | |
| Goblin Zeppelin | 2 | |
62 total
» upgrades
| Strength of the Wild | 3 | |
| Reinforced Hides | 3 | |
| Abolish Magic | 1 | |
| Nature's Blessing | 1 | |
| Corrosive Breath | 1 | |
| Ultravision | 1 | |
| Well Spring | 1 | |
11 total
» buildings
| Altar of Elders | 1 | |
| Moon Well | 8 | |
| Hunter's Hall | 1 | |
| Tree of Ages | 2 | |
| Ancient Protector | 6 | |
| Ancient of Wonders | 1 | |
| Ancient of Lore | 2 | |
| Ancient of Wind | 3 | |
| Tree of Eternity | 3 | |
| Chimaera Roost | 2 | |
| Tree of Life | 2 | |
31 total
» build order
00:15 Altar of Elders
00:40 Moon Well
01:41 Hunter's Hall
01:54 Moon Well
03:03 Tree of Ages
03:03 Tree of Ages
03:08 Ancient Protector
03:36 Ancient Protector
03:44 Ancient Protector
04:03 Moon Well
04:49 Ancient Protector
04:54 Ancient of Wonders
05:04 Moon Well
05:32 Ancient of Lore
06:02 Ancient of Lore
06:13 Ancient of Wind
07:53 Tree of Eternity
07:53 Tree of Eternity
11:04 Chimaera Roost
11:13 Chimaera Roost
13:06 Tree of Life
13:17 Moon Well
13:33 Moon Well
15:07 Ancient Protector
15:42 Tree of Life
20:26 Ancient Protector
21:27 Moon Well
21:48 Moon Well
23:23 Ancient of Wind
23:33 Ancient of Wind
» items
| Boots of Speed | 1 | |
| Staff of Teleportation | 1 | |
| Potion of Healing | 3 | |
| Dust of Appearance | 2 | |
| Scroll of Town Portal | 2 | |
9 total

»
Half863 (
pink | 23 APM | 541 actions | 23:34)
6 Paladin
3 Holy Light
2 Divine Shield
1 Resurrection
» actions
| Build / train | 58 | |
| Enter build submenu | 36 | |
| Enter hero's abilities submenu | 6 | |
| Right click | 149 | |
| Select / deselect | 234 | |
| Use ability | 58 | |
541 total
» units
| Peasant | 13 | |
| Footman | 8 | |
| Rifleman | 5 | |
| Makrura Snapper | 1 | |
| Mur'gul Snarecaster | 1 | |
| Giant Sea Turtle | 1 | |
| Gryphon Rider | 6 | |
35 total
» upgrades
| Defend | 1 | |
| Lumber Harvesting | 2 | |
| Storm Hammers | 1 | |
| Long Rifles | 1 | |
5 total
» buildings
| Farm | 14 | |
| Altar of Kings | 1 | |
| Barracks | 2 | |
| Scout Tower | 8 | |
| Arcane Tower | 6 | |
| Blacksmith | 1 | |
| Keep | 1 | |
| Lumber Mill | 2 | |
| Town Hall | 1 | |
| Guard Tower | 3 | |
| Castle | 1 | |
| Gryphon Aviary | 3 | |
| Arcane Vault | 1 | |
44 total
» build order
00:22 Farm
00:41 Farm
00:48 Altar of Kings
00:56 Barracks
01:22 Farm
02:07 Farm
02:38 Barracks
02:48 Scout Tower
02:56 Farm
03:41 Arcane Tower
03:46 Farm
04:31 Farm
05:15 Scout Tower
05:54 Blacksmith
05:56 Arcane Tower
06:49 Keep
07:10 Lumber Mill
07:17 Farm
07:28 Lumber Mill
08:38 Farm
09:55 Farm
10:32 Town Hall
10:47 Scout Tower
11:22 Scout Tower
11:26 Arcane Tower
12:30 Scout Tower
12:35 Arcane Tower
12:53 Farm
13:03 Scout Tower
13:05 Guard Tower
13:14 Castle
13:39 Farm
13:48 Gryphon Aviary
13:52 Arcane Vault
13:58 Scout Tower
14:00 Arcane Tower
14:31 Scout Tower
14:33 Arcane Tower
14:38 Guard Tower
15:07 Gryphon Aviary
15:41 Guard Tower
16:35 Gryphon Aviary
19:25 Farm
19:27 Farm

»
Avenged4 (
orange | 31 APM | 1600 actions | 51:23)
6 Far Seer
3 Chain Lighting
2 Feral Spirit
1 Earth Quake
1 Pandaren Brewmaster
1 Storm Earth and Fire
» actions
| Build / train | 180 | |
| Enter build submenu | 43 | |
| Enter hero's abilities submenu | 6 | |
| Remove unit from queue | 2 | |
| Right click | 684 | |
| Select / deselect | 606 | |
| Use ability | 78 | |
1600 total
» units
| Peon | 14 | |
| Grunt | 20 | |
| Shaman | 18 | |
| Tauren | 8 | |
| Dragonhawk Rider | 22 | |
| Rifleman | 20 | |
| Chimaera | 20 | |
| Frost Wyrm | 15 | |
| Hippogryph | 15 | |
152 total
» upgrades
| Melee Weapons | 3 | |
| Armor | 3 | |
| Ranged Weapons | 1 | |
| Berserker Strength | 1 | |
| Shaman Training | 2 | |
| Reinforced Defenses | 1 | |
| Spiked Barricades | 1 | |
| Pulverize | 1 | |
13 total
» buildings
| Altar of Storms | 1 | |
| Barracks | 1 | |
| Orc Burrow | 9 | |
| War Mill | 2 | |
| Voodoo Lounge | 1 | |
| Stronghold | 1 | |
| Great Hall | 4 | |
| Watch Tower | 16 | |
| Spirit Lodge | 1 | |
| Fortress | 1 | |
| Tauren Totem | 1 | |
| Farm | 11 | |
| Ziggurat | 3 | |
| Moon Well | 2 | |
54 total
» build order
01:50 Altar of Storms
01:55 Barracks
01:58 Orc Burrow
02:08 War Mill
02:14 Voodoo Lounge
02:58 Orc Burrow
04:45 Stronghold
05:21 Orc Burrow
06:35 Great Hall
06:43 Orc Burrow
08:49 Great Hall
09:12 Watch Tower
10:10 Watch Tower
10:32 Spirit Lodge
10:38 Fortress
12:39 Orc Burrow
12:44 Watch Tower
13:10 Watch Tower
13:11 Watch Tower
13:13 Watch Tower
13:14 Watch Tower
13:49 Tauren Totem
15:58 War Mill
17:19 Great Hall
18:04 Watch Tower
19:11 Watch Tower
19:12 Watch Tower
19:15 Watch Tower
19:17 Watch Tower
19:18 Watch Tower
19:19 Watch Tower
19:20 Watch Tower
19:21 Watch Tower
19:56 Orc Burrow
20:41 Orc Burrow
20:47 Orc Burrow
20:50 Orc Burrow
22:07 Great Hall
41:22 Farm
41:24 Farm
41:26 Farm
41:27 Farm
41:27 Farm
41:29 Farm
41:31 Farm
41:32 Farm
41:33 Farm
41:34 Farm
41:36 Farm
42:01 Ziggurat
42:02 Ziggurat
42:02 Ziggurat
46:08 Moon Well
46:11 Moon Well
» items
| Potion of Healing | 1 | |
| Dust of Appearance | 1 | |
2 total
team 2 (winner)
EventfulRapefst (
purple | 88 APM | 4507 actions | 51:25)
10 Blademaster
3 Wind Walk
3 Critical Strike
1 Bladestorm
3 Mirror Image
» actions
| Assign group hotkey | 77 | |
| Basic commands | 160 | |
| Build / train | 147 | |
| ESC pressed | 2 | |
| Enter build submenu | 85 | |
| Enter hero's abilities submenu | 10 | |
| Give item / drop item | 9 | |
| Remove unit from queue | 2 | |
| Right click | 1949 | |
| Select / deselect | 631 | |
| Select group hotkey | 1205 | |
| Use ability | 230 | |
4507 total
» units
| Peon | 23 | |
| Grunt | 12 | |
| Goblin Shredder | 4 | |
| Goblin Zeppelin | 2 | |
| Troll Batrider | 26 | |
| Wind Rider | 7 | |
| Blue Drake | 3 | |
| Blue Dragon Whelp | 2 | |
| Blue Dragon | 1 | |
| Goblin Sapper | 3 | |
83 total
» upgrades
| Pillage | 2 | |
| Armor | 3 | |
| Berserker Strength | 1 | |
| Ranged Weapons | 3 | |
| Reinforced Defenses | 1 | |
| Troll Regeneration | 1 | |
| Envenomed Spears | 1 | |
| Liquid Fire | 1 | |
| Ensnare | 1 | |
| War Drums Damage Increase | 1 | |
| Berserker Upgrade | 1 | |
| Burning Oil | 1 | |
| Backpack | 1 | |
| Melee Weapons | 3 | |
| Spiked Barricades | 3 | |
24 total
» buildings
| Altar of Storms | 2 | |
| Orc Burrow | 16 | |
| Barracks | 1 | |
| Voodoo Lounge | 2 | |
| Great Hall | 4 | |
| Stronghold | 3 | |
| War Mill | 2 | |
| Watch Tower | 32 | |
| Fortress | 2 | |
| Beastiary | 8 | |
| Hunter's Hall | 1 | |
| Ancient Protector | 3 | |
76 total
» build order
00:05 Altar of Storms
00:09 Orc Burrow
00:23 Barracks
01:29 Orc Burrow
03:06 Voodoo Lounge
04:51 Orc Burrow
06:06 Great Hall
06:45 Stronghold
07:04 War Mill
07:24 Orc Burrow
09:02 Watch Tower
09:03 Watch Tower
09:04 Watch Tower
09:54 Watch Tower
09:55 Watch Tower
09:56 Watch Tower
10:08 Orc Burrow
10:31 Watch Tower
10:35 Watch Tower
10:38 Watch Tower
10:43 Fortress
12:10 Watch Tower
12:12 Watch Tower
12:14 Great Hall
13:08 Beastiary
13:12 Beastiary
13:14 Beastiary
13:16 Beastiary
14:18 Beastiary
14:54 Beastiary
16:55 Watch Tower
16:58 Watch Tower
16:59 Watch Tower
18:29 Orc Burrow
18:32 Orc Burrow
19:34 Watch Tower
19:35 Watch Tower
19:39 Watch Tower
19:43 Watch Tower
19:48 Watch Tower
19:53 Watch Tower
22:28 Orc Burrow
24:29 Great Hall
24:41 Watch Tower
24:41 Watch Tower
24:42 Watch Tower
24:43 Watch Tower
27:20 Watch Tower
27:21 Watch Tower
27:24 Watch Tower
27:38 Watch Tower
30:04 Stronghold
30:15 Orc Burrow
30:16 Orc Burrow
30:17 Orc Burrow
30:19 Orc Burrow
30:22 Orc Burrow
32:35 Altar of Storms
33:47 Fortress
35:53 Orc Burrow
35:54 Orc Burrow
36:07 Beastiary
36:09 Beastiary
36:56 Orc Burrow
37:01 War Mill
40:17 Voodoo Lounge
41:21 Watch Tower
41:43 Watch Tower
41:44 Watch Tower
41:46 Watch Tower
43:20 Hunter's Hall
43:35 Great Hall
45:09 Ancient Protector
45:19 Ancient Protector
45:22 Ancient Protector
» items
| Healing Salve | 9 | |
| Staff of Teleportation | 1 | |
| Lesser Clarity Potion | 5 | |
| Scroll of Town Portal | 4 | |
| Orb of Lightning | 1 | |
20 total
RiversAndLakes (
yellow | 55 APM | 2803 actions | 51:23)
9 Blademaster
3 Wind Walk
3 Critical Strike
1 Bladestorm
2 Mirror Image
» actions
| Assign group hotkey | 54 | |
| Basic commands | 131 | |
| Build / train | 105 | |
| Enter build submenu | 64 | |
| Enter hero's abilities submenu | 9 | |
| Give item / drop item | 4 | |
| Remove unit from queue | 6 | |
| Right click | 1097 | |
| Select / deselect | 589 | |
| Select group hotkey | 387 | |
| Use ability | 357 | |
2803 total
» units
| Peon | 16 | |
| Grunt | 4 | |
| Goblin Shredder | 2 | |
| Raider | 7 | |
| Troll Batrider | 22 | |
| Blue Dragon | 1 | |
52 total
» upgrades
| Pillage | 1 | |
| Melee Weapons | 3 | |
| Ensnare | 1 | |
| Armor | 3 | |
| Reinforced Defenses | 1 | |
| Ranged Weapons | 3 | |
| Liquid Fire | 1 | |
| Troll Regeneration | 1 | |
14 total
» buildings
| Orc Burrow | 7 | |
| Altar of Storms | 1 | |
| Barracks | 1 | |
| Voodoo Lounge | 1 | |
| Stronghold | 1 | |
| War Mill | 2 | |
| Great Hall | 3 | |
| Beastiary | 13 | |
| Watch Tower | 40 | |
| Fortress | 1 | |
70 total
» build order
00:24 Orc Burrow
00:53 Altar of Storms
00:54 Barracks
01:07 Orc Burrow
01:46 Voodoo Lounge
03:02 Stronghold
03:07 Orc Burrow
04:45 War Mill
04:54 Great Hall
06:13 Beastiary
06:14 Beastiary
07:11 Watch Tower
07:11 Watch Tower
07:12 Watch Tower
07:12 Watch Tower
07:13 Watch Tower
07:59 Watch Tower
07:59 Watch Tower
08:00 Watch Tower
08:01 Watch Tower
08:02 Watch Tower
10:03 Fortress
10:09 War Mill
10:12 Orc Burrow
10:53 Watch Tower
10:53 Watch Tower
10:53 Watch Tower
10:54 Watch Tower
12:48 Watch Tower
12:48 Watch Tower
12:49 Watch Tower
12:49 Watch Tower
12:49 Watch Tower
13:37 Great Hall
15:06 Watch Tower
15:07 Watch Tower
15:07 Watch Tower
15:07 Watch Tower
15:09 Watch Tower
15:10 Watch Tower
15:10 Watch Tower
16:43 Beastiary
16:44 Beastiary
17:48 Orc Burrow
18:10 Beastiary
18:11 Beastiary
19:54 Beastiary
24:48 Great Hall
24:52 Orc Burrow
24:53 Orc Burrow
24:58 Watch Tower
24:58 Watch Tower
25:00 Watch Tower
25:01 Watch Tower
26:59 Watch Tower
27:00 Watch Tower
27:00 Watch Tower
27:00 Watch Tower
27:01 Watch Tower
27:03 Watch Tower
27:03 Watch Tower
27:04 Watch Tower
27:04 Watch Tower
35:58 Beastiary
35:58 Beastiary
35:59 Beastiary
35:59 Beastiary
36:02 Beastiary
36:11 Beastiary
» items
| Healing Salve | 7 | |
| Boots of Speed | 1 | |
| Scroll of Town Portal | 5 | |
| Lesser Clarity Potion | 2 | |
| Orb of Lightning | 1 | |
16 total

»
siscokid13 (
red | 18 APM | 625 actions | 33:52)
4 Dark Ranger
2 Life Drain
2 Black Arrow
3 Naga Sea Witch
1 Forked Lightning
1 Frost Arrows
1 Mana Shield
» actions
| Basic commands | 15 | |
| Build / train | 68 | |
| Enter build submenu | 17 | |
| Enter hero's abilities submenu | 7 | |
| Give item / drop item | 1 | |
| Remove unit from queue | 2 | |
| Right click | 192 | |
| Select / deselect | 285 | |
| Use ability | 38 | |
625 total
» units
| Wisp | 17 | |
| Archer | 13 | |
| Huntress | 1 | |
| Glaive Thrower | 1 | |
| Hippogryph | 8 | |
40 total
» upgrades
| Strength of the Moon | 1 | |
| Ultravision | 1 | |
| Druid of the Claw Training | 1 | |
| Marksmanship | 1 | |
| Improved Bows | 1 | |
| Sentinel | 1 | |
| Vorpal Blades | 1 | |
| Upgrade Moon Glaive | 1 | |
| Corrosive Breath | 1 | |
| Strength of the Wild | 1 | |
10 total
» buildings
| Ancient of War | 2 | |
| Moon Well | 6 | |
| Altar of Elders | 1 | |
| Hunter's Hall | 1 | |
| Tree of Ages | 1 | |
| Ancient of Lore | 1 | |
| Tree of Eternity | 1 | |
| Ancient of Wind | 1 | |
| Ancient of Wonders | 1 | |
| Chimaera Roost | 1 | |
| Ancient Protector | 1 | |
| Tree of Life | 1 | |
18 total
» build order
00:10 Ancient of War
00:17 Moon Well
00:34 Altar of Elders
03:02 Moon Well
04:36 Moon Well
05:26 Hunter's Hall
07:16 Moon Well
07:25 Tree of Ages
08:57 Ancient of War
09:59 Ancient of Lore
11:12 Tree of Eternity
14:05 Ancient of Wind
14:24 Ancient of Wonders
14:34 Moon Well
16:31 Chimaera Roost
21:04 Moon Well
23:43 Ancient Protector
31:36 Tree of Life
» items
| Scroll of Town Portal | 2 | |
| Orb of Venom | 2 | |
| Moonstone | 1 | |
5 total
ebean (
green | 16 APM | 409 actions | 25:42)
3 Demon Hunter
2 Immolation
1 Evasion
» actions
| Basic commands | 2 | |
| Build / train | 66 | |
| Enter build submenu | 21 | |
| Enter hero's abilities submenu | 3 | |
| Right click | 120 | |
| Select / deselect | 164 | |
| Use ability | 31 | |
409 total
» units
| Wisp | 22 | |
| Huntress | 6 | |
| Goblin Zeppelin | 2 | |
| Hippogryph | 12 | |
| Archer | 6 | |
48 total
» upgrades
| Strength of the Moon | 3 | |
| Moon Armor | 3 | |
| Reinforced Hides | 2 | |
| Strength of the Wild | 1 | |
| Hippogryph Taming | 1 | |
| Improved Bows | 1 | |
| Marksmanship | 1 | |
12 total
» buildings
| Moon Well | 10 | |
| Altar of Elders | 1 | |
| Ancient of War | 3 | |
| Hunter's Hall | 1 | |
| Tree of Ages | 1 | |
| Tree of Life | 1 | |
| Tree of Eternity | 1 | |
| Ancient of Wind | 4 | |
22 total
» build order
00:30 Moon Well
00:42 Moon Well
00:54 Moon Well
01:31 Altar of Elders
02:19 Ancient of War
02:29 Moon Well
02:51 Hunter's Hall
03:07 Ancient of War
03:46 Moon Well
04:47 Ancient of War
08:12 Tree of Ages
09:49 Moon Well
09:56 Moon Well
14:04 Tree of Life
15:10 Tree of Eternity
17:51 Ancient of Wind
17:59 Ancient of Wind
18:30 Ancient of Wind
18:39 Ancient of Wind
21:46 Moon Well
24:35 Moon Well
24:43 Moon Well
Chat log
(00:21 / All) RiversAndLakes: am eating as we play friends
(00:22 / Allies) siscokid13: plan?
(00:35 / Allies) EventfulRapefst: Invade Russia
(00:35 / Allies) RiversAndLakes: kick ass, take names
(00:45 / Allies) siscokid13: sounds good
(01:05 / Allies) siscokid13: green u wanna rush? or tech
(01:14 / Allies) EventfulRapefst: expo
(01:20 / Allies) EventfulRapefst: is better than both
(01:31 / Allies) RiversAndLakes: Pressure, constant pressure
(01:48 / Allies) siscokid13: ok well im harrasing
(02:26 / Allies) RiversAndLakes: red are you good?
(02:36 / Allies) siscokid13: yes
(02:41 / Allies) RiversAndLakes: Alright, I trust you
(02:53 / Allies) RiversAndLakes: evidence suggests otherwise but together we are unconquerable
(03:24 / Allies) siscokid13: ive been stuck with shity partners so u better b good
(03:27 / Allies) EventfulRapefst: lul, I'm ridicuolously out of practice with orc
(03:41 / Allies) EventfulRapefst: I should altqq
(03:45 / Allies) RiversAndLakes: stay loz
(03:51 / Allies) RiversAndLakes: map is best
(03:55 / Allies) EventfulRapefst: that is too embarassing, this better not be a good game
(04:01 / Allies) EventfulRapefst: forgot you need 2 grunts for that
(04:04 / Allies) EventfulRapefst: got overconfident
(04:09 / Allies) RiversAndLakes: better with 3
(05:58 / Allies) siscokid13: whos going to help?
(06:05 / Allies) RiversAndLakes: help for what
(06:20 / Allies) RiversAndLakes: purp will1
(07:33 / Allies) EventfulRapefst: gold rush is bets map imo
(07:44 / Allies) RiversAndLakes: I like this and mark
(07:47 / Allies) RiversAndLakes: et
(07:52 / Allies) EventfulRapefst: market is 2nd
(07:54 / Allies) EventfulRapefst: I like gold rush
(08:13 / All) RiversAndLakes: dumbass
(08:48 / All) RiversAndLakes: lucky dumbass #2
(09:19 / All) EventfulRapefst: idiot
(11:23 / Allies) EventfulRapefst: I need to practise with orc, I used to be far better
(12:16 / Allies) RiversAndLakes: my mouse and keyboard sucks so much lawl
(12:23 / Allies) RiversAndLakes: too kem 3 tries to select all towers
(12:29 / Allies) EventfulRapefst: my keyboard rapes but my mouse is shit
(13:14 / Allies) RiversAndLakes: red you will lsoe all
(13:16 / Allies) RiversAndLakes: don't attack it
(13:25 / Allies) EventfulRapefst: lol
(13:26 / Allies) RiversAndLakes: you will die
(14:36 / All) RiversAndLakes: FUCK
(14:39 / Allies) EventfulRapefst: ?
(14:51 / Allies) RiversAndLakes: didn't get expo
(15:30 / All) RiversAndLakes: noob game lawl
(17:21 / Allies) RiversAndLakes: rod this is a very low ell game lol
(17:30 / Allies) EventfulRapefst: good, my stupid hero loss doesn't matter
(17:31 / Allies) EventfulRapefst: I fit in
(18:07 / Allies) EventfulRapefst: claws +12
(18:22 / Allies) siscokid13: good for you
(18:26 / Allies) EventfulRapefst: lol
(20:19 / Allies) siscokid13: tp?
(20:21 / All) RiversAndLakes: LOL
(20:29 / All) RiversAndLakes: how much yo uwaste orange?
(22:55 / Allies) siscokid13: tp
(23:57 / All) EventfulRapefst: dont leave
(23:58 / All) EventfulRapefst: not over yet
(25:05 / Allies) siscokid13: wtf purp?
(25:11 / All) EventfulRapefst: it's not over
(25:14 / All) EventfulRapefst: we are killing our team
(25:43 / All) EventfulRapefst: dont attack us
(25:44 / All) EventfulRapefst: we are bsing
(25:53 / Allies) siscokid13: fuck you
(26:09 / All) RiversAndLakes: What's with the hostility red?
(26:21 / Allies) siscokid13: fuking killd my base
(26:21 / All) Avenged4: off
(26:25 / All) Avenged4: get your hero away
(26:35 / All) Avenged4: sorry, he was attacking me
(26:36 / All) RiversAndLakes: where was my hero lawl
(26:48 / Allies) siscokid13: y the hell u kill my base
(26:51 / All) RiversAndLakes: I wasn't paying attention
(27:01 / All) EventfulRapefst: Yeah misclick sorry bro
(27:12 / Allies) siscokid13: bull shit man
(27:41 / All) RiversAndLakes: Stand off?
(27:48 / All) EventfulRapefst: Yes
(28:01 / All) EventfulRapefst: We won't finsih you oj
(28:05 / All) RiversAndLakes: You both have equal chance of victory
(28:35 / All) EventfulRapefst: We will kill everything
(28:37 / All) EventfulRapefst: including our own stuff
(28:40 / All) EventfulRapefst: 2 buildings will remain
(28:43 / All) EventfulRapefst: best internet wins
(28:45 / All) EventfulRapefst: sound fair?
(28:52 / All) Avenged4: Omg...
(28:57 / All) Avenged4: My internet suuuuuuuucks
(29:07 / All) RiversAndLakes: Red will probably pussy out anyway
(29:10 / All) EventfulRapefst: you still have a chance, our team might just leave
(29:10 / All) RiversAndLakes: ensuring you the win
(29:14 / All) EventfulRapefst: yeah
(29:15 / All) siscokid13: my team blows fuking killed my own base
(29:22 / All) Avenged4: Lolol xD
(31:01 / All) EventfulRapefst: if we attack your stuff oj, we will not let all of it die
(31:05 / All) EventfulRapefst: it is inevitable for the standoff though
(31:18 / All) EventfulRapefst: rest assured if we kill you, all of our stuff dies too to make the standoff complete
(31:48 / All) RiversAndLakes: can't shift wind walk lawl
(31:58 / All) EventfulRapefst: I don't play orc enough to know
(32:13 / All) RiversAndLakes: I probably haven't tried to in a long time
(32:14 / All) siscokid13: y da hell u kill me
(32:51 / All) RiversAndLakes: Orange we are going to have to kill your units
(32:58 / All) RiversAndLakes: But after we kill yours
(32:59 / All) EventfulRapefst: Ours will die too though
(33:02 / All) RiversAndLakes: we'll kill our own
(33:12 / All) RiversAndLakes: we're leaving you and red with no units and no way to make them
(33:20 / All) Avenged4: Lol xD
(33:29 / Allies) EventfulRapefst: fucking god damn
(33:31 / Allies) EventfulRapefst: I wanted a dragon
(33:40 / Allies) RiversAndLakes: loz
(33:45 / Allies) RiversAndLakes: there's still small dragons
(33:45 / Allies) EventfulRapefst: now I am tempted to just altqq
(33:50 / Allies) EventfulRapefst: small dragons are shit
(33:55 / All) RiversAndLakes: Welp
(33:56 / All) EventfulRapefst: no standoff
(34:06 / All) EventfulRapefst: i played terrible this game don't upload
(34:13 / All) RiversAndLakes: k lol
(34:17 / All) RiversAndLakes: you can use my dragon
(34:22 / All) EventfulRapefst: IT'S NOT THE SAME
(34:24 / All) RiversAndLakes: I was planning on fielding 11 dragons plus my hero
(34:26 / All) EventfulRapefst: It needs pretty purple
(34:43 / All) Avenged4: Lol sooo you guys know each other?
(34:46 / All) RiversAndLakes: I had a badass game a long time ago
(34:50 / All) RiversAndLakes: where I only had dragons
(34:55 / All) RiversAndLakes: 1v7
(34:59 / All) EventfulRapefst: yes we are arranged team orange
(35:06 / All) EventfulRapefst: that sounds weird as hell
(35:13 / All) Avenged4: Ah.
(35:18 / All) RiversAndLakes: I went KOTG only and started adding dragons
(35:23 / All) RiversAndLakes: I raped hardcore
(35:32 / All) RiversAndLakes: wasn't low ell game either
(35:35 / All) RiversAndLakes: was in 06 07
(35:36 / Allies) EventfulRapefst: jesus
(35:44 / All) Avenged4: Lol super building rape
(36:02 / Allies) EventfulRapefst: how we gonna take this nigger
(36:05 / All) Avenged4: I was going to destroy red with my units
(36:44 / Allies) EventfulRapefst: almost mined out
(36:46 / All) Avenged4: I swear dude that was the most annoying hero ever
(36:49 / Allies) EventfulRapefst: we need to take his army in a sec
(37:26 / Allies) EventfulRapefst: fuck, I need a voodoo lounge for bats
(37:55 / All) RiversAndLakes: orange did you think you would beat us lol
(38:19 / All) Avenged4: Lol no
(38:26 / All) RiversAndLakes: You had your hopes up, don't lie
(38:46 / All) Avenged4: Lol I was hopeful
(38:48 / All) RiversAndLakes: Now I do condemn you to die
(38:52 / All) Avenged4: But I didn't expect anything to happen
(39:20 / All) EventfulRapefst: I was awful this game lost my lvl 1 bm to expo creeps, no excuses orange
(39:28 / All) RiversAndLakes: 16k gold how much do you have orange
(39:48 / Allies) EventfulRapefst: he still got a fuckton of air
(40:16 / All) Avenged4: GAAAAARGHRHGRHRUGHRUHGRGRURUHRUGUHRUGHHRUGRUHRUGU FINAL STANNND
(43:05 / All) RiversAndLakes: Orange what's your opinion of red?
(43:13 / All) Avenged4: Huh?
(43:21 / All) RiversAndLakes: what do you think of hte player siscokid?
(43:26 / All) Avenged4: Oh
(43:35 / Allies) RiversAndLakes: walk it up to orange's base
(43:52 / All) Avenged4: Ummm Idk, he seemed kinda average
(43:59 / All) RiversAndLakes: he's far below average
(43:59 / All) Avenged4: Maybe a little lower
(44:18 / All) Avenged4: oh, I only saw when he was attacking me, so I wasn't really sure
(44:31 / All) Avenged4: Er when he was attacking pink
(44:47 / Allies) EventfulRapefst: JESUS CHRIST
(44:47 / All) Avenged4: Lol so many batriders
(44:50 / Allies) EventfulRapefst: do you have enough bats
(45:17 / Allies) RiversAndLakes: I won 1v4 with bats trailing me once and wyverns
(45:19 / Allies) RiversAndLakes: jsut played my hero
(45:20 / Allies) RiversAndLakes: legit 1v4
(45:23 / Allies) RiversAndLakes: killed my allies on friends
(45:26 / Allies) RiversAndLakes: well
(45:29 / Allies) RiversAndLakes: kill my closest ally
(45:32 / Allies) RiversAndLakes: took his expo
(45:37 / Allies) RiversAndLakes: and the other team attacked my other two allies
(45:40 / Allies) RiversAndLakes: was awesome game
(46:01 / Allies) EventfulRapefst: bats are annoying as hell to fight
(46:07 / Allies) EventfulRapefst: splitting air is fun though
(46:07 / Allies) RiversAndLakes: they were calling me a god lol
(46:09 / Allies) RiversAndLakes: but a jerk
(46:13 / Allies) RiversAndLakes: my teammates who stayed
(46:17 / Allies) RiversAndLakes: rooting for other team lawls
(46:18 / Allies) RiversAndLakes: spying on me
(46:29 / Allies) EventfulRapefst: I got my lvl 10 dragon
(46:31 / Allies) EventfulRapefst: all is well
(47:00 / Allies) EventfulRapefst: tp with a891238189891238915891258958 bats
(47:01 / Allies) EventfulRapefst: imo
(48:19 / All) Avenged4: Lol jeezus
(48:27 / All) Avenged4: So many beastiaries xD
(48:30 / All) EventfulRapefst: he doesn't have enough aviaries
(48:30 / All) Avenged4: You have fun with that?
(48:34 / All) EventfulRapefst: 100/100
(48:50 / All) EventfulRapefst: HE JUSTIFIED DA MEANS
(49:06 / All) RiversAndLakes: i never got bat upgrade lawls
(49:11 / All) RiversAndLakes: *troll upgarde
(49:20 / All) EventfulRapefst: wot a nub
(49:26 / All) Avenged4: I'm about to pwn you
(49:35 / All) Avenged4: With my peon!! MWAHAHAHA
(49:37 / All) RiversAndLakes: secret deadly rabbit of ultimate death
(49:41 / All) Avenged4: Lawl jk
(49:43 / All) RiversAndLakes: oh that peon
(49:46 / All) RiversAndLakes: thought you had a rabbit
(49:56 / All) Avenged4: No, I'm too poor for that
(51:15 / All) RiversAndLakes: a bat died lawls
(51:21 / All) EventfulRapefst: 1 bat??????